 Dungeon Crawl Stone Soup version 0.28-a0-771-g91a516d0e7 (webtiles) character file.

Game seed: 18133289262983822871

535 Ijustatesigmund the Shield-Bearer (level 7, -5/60 HPs)
             Began as a Gnoll Fighter on Nov 1, 2021.
             Succumbed to a hornet's poison
             ... on level 5 of the Dungeon.
             The game lasted 00:05:34 (4037 turns).

Ijustatesigmund the Shield-Bearer (Gnoll Fighter)   Turns: 4037, Time: 00:05:35

Health: -5/60      AC: 12    Str: 15    XL:     7   Next: 25%
Magic:  10/10      EV: 10    Int: 10    God:
Gold:   698        SH:  6    Dex: 11    Spells: 10/10 levels left

rFire   . . .      SeeInvis .   a - +1 war axe
rCold   . . .      Faith    .   c - +1 buckler
rNeg    . . .      Spirit   .   b - +0 scale mail
rPois   .          Reflect  .   l - +1 helmet
rElec   .          Harm     .   o - +1 cloak
rCorr   .          Rampage  .   (no gloves)
Will    .....                   (no boots)
Stlth   +.........              (no amulet)
HPRegen 0.20/turn               f - ring of wizardry
MPRegen 0.12/turn               (no ring)

@: mighty, lethally poisoned (-5 -> -26), slowed, very slow
A: fangs 1, strong nose, distributed training
a: no special abilities


You were on level 5 of the Dungeon.
You visited 1 branch of the dungeon, and saw 5 of its levels.

You collected 698 gold pieces.

Inventory:

Hand Weapons
 a - a +1 war axe (weapon)
Missiles
 e - 40 poisoned darts (quivered)
Armour
 b - a +0 scale mail (worn)
 c - a +1 buckler (worn)
 l - a +1 helmet (worn)
 o - a +1 cloak (worn)
Jewellery
 f - a ring of wizardry (left hand)
Scrolls
 j - a scroll of fear
 p - a scroll of noise {unknown}
Potions
 i - a potion of lignification {unknown}
 m - 2 potions of mutation
 n - a potion of degeneration {unknown}


   Skills:
 + Level 7.0 Fighting
 + Level 2.3 Short Blades
 + Level 2.3 Long Blades
 + Level 5.2 Axes
 + Level 2.3 Maces & Flails
 + Level 2.3 Polearms
 + Level 2.3 Staves
 + Level 2.3 Slings
 + Level 2.3 Bows
 + Level 2.3 Crossbows
 + Level 2.3 Throwing
 + Level 7.0 Armour
 + Level 2.3 Dodging
 + Level 2.3 Stealth
 + Level 7.0 Shields
 + Level 2.3 Unarmed Combat
 + Level 2.3 Spellcasting
 + Level 1.9 Conjurations
 + Level 1.9 Hexes
 + Level 1.9 Summonings
 + Level 1.9 Necromancy
 + Level 1.9 Translocations
 + Level 1.9 Transmutations
 + Level 1.9 Fire Magic
 + Level 1.9 Ice Magic
 + Level 1.9 Air Magic
 + Level 1.9 Earth Magic
 + Level 1.9 Poison Magic
 + Level 2.6 Invocations
 + Level 2.3 Evocations


You had 10 spell levels left.
You didn't know any spells.
Your spell library contained the following spells:

 Spells                   Type           Power      Damage    Failure   Level
 Ensorcelled Hibernation  Hex/Ice        10%        N/A       26%         2
 Stone Arrow              Conj/Erth      10%        3d7       45%         3
 Tukima's Dance           Hex            5%         N/A       45%         3
 Animate Armour           Summ/Erth      10%        N/A       85%         4
 Passage of Golubria      Tloc           5%         N/A       85%         4
 Iskenderun's Battlesphe  Conj           5%         2d6       99%         5
 Silence                  Hex/Air        2%         N/A       99%         5
 Iron Shot                Conj/Erth      2%         9d2       100%        6
 Spellforged Servitor     Conj/Summ      2%         N/A       100%        7
 Lehudib's Crystal Spear  Conj/Erth      2%         10d2      100%        8


Dungeon Overview and Level Annotations

Branches:
Dungeon (5/15)
 Temple: D:4-7

Altars:

Shops:
D:3 (


Innate Abilities, Weirdness & Mutations

You have very sharp teeth.
Your uncanny sense of smell can sniff out nearby items.
Your experience applies equally to all skills.


Message History

The hornet stings you.
* * * LOW HITPOINT WARNING * * *
You feel as though you will be slow longer.
You can move again.
You are confused.
You feel invigorated.
You feel very sick. The hornet stings you.
* * * LOW HITPOINT WARNING * * *
You are lethally poisoned!
You feel as though you will be slow longer.
The hornet stings you!
* * * LOW HITPOINT WARNING * * *
You feel as though you will be slow longer.
You bump into the rock wall.
* * * LOW HITPOINT WARNING * * *
You feel very sick. The hornet stings you.
* * * LOW HITPOINT WARNING * * *
You are more poisoned.
You feel as though you will be slow longer.
The hornet stings you but does no damage.
You bump into the rock wall.
* * * LOW HITPOINT WARNING * * *
You feel extremely sick.
The hornet stings you but does no damage.
The hornet stings you.
* * * LOW HITPOINT WARNING * * *
You are more poisoned.
You feel as though you will be slow longer.
The hornet stings you but does no damage.
You bump into the rock wall.
You feel less invigorated.
You feel less confused.
* * * LOW HITPOINT WARNING * * *
You feel extremely sick. You block the hornet's attack.
The hornet stings you but does no damage.
You slash the hornet!
The hornet is almost dead.
You die...

.
#############..#
#.y{5...))...)<.
#@####....#..#
#...##.##.#
###.##..#.#
#.##..#.#
#.....#.(
########. .# ∆
.#


You could see a hornet and a shadow imp.

Vanquished Creatures
  2 ogres (D:4)
  A bullfrog (D:4)
  A hound (D:4)
  A centaur zombie (D:3)
  An orc priest (D:4)
  A bullfrog skeleton (D:3)
  An orc wizard (D:4)
  A killer bee zombie (D:4)
  2 adders
  2 worms (D:2)
  18 orcs
  4 endoplasms
  8 giant cockroaches
  12 goblins
  7 hobgoblins
  9 jackals
  3 quokkas
  6 ball pythons
  5 bats
  3 frilled lizards
  9 kobolds
  3 rats
100 creatures vanquished.

Notes
Turn   | Place    | Note
-------+----------+-------------------------------------------
     0 | D:1      | Ijustatesigmund the Gnoll Fighter began the quest for the
                  | Orb.
     0 | D:1      | Reached XP level 1. HP: 23/23 MP: 1/1
    89 | D:1      | Reached XP level 2. HP: 29/29 MP: 2/2
   947 | D:2      | Reached XP level 3. HP: 34/35 MP: 3/3
  1308 | D:2      | Reached skill level 1 in Invocations
  1514 | D:2      | Reached skill level 1 in Short Blades
  1514 | D:2      | Reached skill level 1 in Long Blades
  1514 | D:2      | Reached skill level 1 in Maces & Flails
  1514 | D:2      | Reached skill level 1 in Polearms
  1514 | D:2      | Reached skill level 1 in Staves
  1514 | D:2      | Reached skill level 1 in Slings
  1514 | D:2      | Reached skill level 1 in Bows
  1514 | D:2      | Reached skill level 1 in Crossbows
  1514 | D:2      | Reached skill level 1 in Throwing
  1514 | D:2      | Reached skill level 1 in Dodging
  1514 | D:2      | Reached skill level 1 in Stealth
  1514 | D:2      | Reached skill level 1 in Unarmed Combat
  1514 | D:2      | Reached skill level 1 in Spellcasting
  1514 | D:2      | Reached skill level 1 in Evocations
  1608 | D:2      | Identified a scroll of acquirement
  1608 | D:2      | Acquired 505 gold pieces
  1795 | D:2      | Reached XP level 4. HP: 41/41 MP: 5/5
  1924 | D:3      | Found Yxevowu's Antique Weapon Emporium.
  2269 | D:3      | Reached skill level 1 in Conjurations
  2269 | D:3      | Reached skill level 1 in Hexes
  2269 | D:3      | Reached skill level 1 in Summonings
  2269 | D:3      | Reached skill level 1 in Necromancy
  2269 | D:3      | Reached skill level 1 in Translocations
  2269 | D:3      | Reached skill level 1 in Transmutations
  2269 | D:3      | Reached skill level 1 in Fire Magic
  2269 | D:3      | Reached skill level 1 in Ice Magic
  2269 | D:3      | Reached skill level 1 in Air Magic
  2269 | D:3      | Reached skill level 1 in Earth Magic
  2269 | D:3      | Reached skill level 1 in Poison Magic
  2414 | D:3      | Reached XP level 5. HP: 47/47 MP: 6/6
  2893 | D:4      | Reached XP level 6. HP: 51/53 MP: 8/8
  3239 | D:4      | Reached skill level 5 in Axes
  3547 | D:4      | Reached XP level 7. HP: 16/60 MP: 10/10
  3948 | D:5      | Entered Level 5 of the Dungeon
  3966 | D:5      | Noticed a hornet
  4027 | D:5      | Paralysed by a hornet for 1 turns
  4030 | D:5      | Paralysed by a hornet for 3 turns
  4035 | D:5      | HP: 3/60 [hornet (3)]
  4037 | D:5      | Succumbed to a hornet's poison

Illustrated notes

Levels and vault maps discovered:
D:1:      scummos_arrival_forest, layout_basic
D:2:      layout_loops_ring, guppyfry_early_orc_mine
D:3:      layout_rooms, serial_shops, nicolae_square_shop, serial_park_tiny_pond
D:4:      layout_loops_ring
D:5:      layout_basic

Skill      XL: |  1  2  3  4  5  6 |
---------------+-------------------+-----
Invocations    | 1 2 |  2.6
Short Blades   | 1 2 |  2.3
Long Blades    | 1 2 |  2.3
Maces & Flails | 1 2 |  2.3
Polearms       | 1 2 |  2.3
Staves         | 1 2 |  2.3
Slings         | 1 2 |  2.3
Bows           | 1 2 |  2.3
Crossbows      | 1 2 |  2.3
Throwing       | 1 2 |  2.3
Dodging        | 1 2 |  2.3
Stealth        | 1 2 |  2.3
Unarmed Combat | 1 2 |  2.3
Spellcasting   | 1 2 |  2.3
Evocations     | 1 2 |  2.3
Conjurations   | 1 |  1.9
Hexes          | 1 |  1.9
Summonings     | 1 |  1.9
Necromancy     | 1 |  1.9
Translocations | 1 |  1.9
Transmutations | 1 |  1.9
Fire Magic     | 1 |  1.9
Ice Magic      | 1 |  1.9
Air Magic      | 1 |  1.9
Earth Magic    | 1 |  1.9
Poison Magic   | 1 |  1.9
Axes           | 5 |  5.2
Fighting       | 7 |  7.0
Armour         | 7 |  7.0
Shields        | 7 |  7.0

Action                   |  1- 3 |  4- 6 |  7- 9 || total
-------------------------+-------+-------+-------++-------
Melee: War axe           |   113 |   157 |    11 ||   281
       Bite              |    11 |    13 |     1 ||    25
Throw: Dart              |       |       |     1 ||     1
  Use: Scroll            |     7 |     2 |       ||     9
       Potion            |       |     2 |     2 ||     4
 Stab: Invisible         |       |     1 |       ||     1
Armor: Scale mail        |    61 |    75 |    16 ||   152
Dodge: Dodged            |    44 |    57 |     4 ||   105
Block: Buckler           |    30 |    55 |     3 ||    88

Table legend: (Time is in decaauts)
 A = Elapsed time spent in this place.
 B = Non-inter-level travel time spent in this place.
 C = Inter-level travel time spent in this place.
 D = Time resting spent in this place.
 E = Time spent auto-exploring this place.
 F = Levels seen in this place.
 G = Mean time per level.
                   A        B        C        D        E       F      G
               +--------+--------+--------+--------+--------+-----+--------+
         Total |   4116 |   4031 |     85 |    993 |   2309 |   5 |  823.2 |
       Dungeon |   4116 |   4031 |     85 |    993 |   2309 |   5 |  823.2 |
               +--------+--------+--------+--------+--------+-----+--------+

Top non-repeatable levels by time:
     D:4: 1218 daAuts
     D:2: 1003 daAuts
     D:1: 951 daAuts
     D:3: 897 daAuts
     D:5: 46 daAuts
